 Dungeon Crawl Stone Soup version 0.22.1-1-ga44c0e5 (webtiles) character file.

37 Velaskes the Ruffian (level 3, -2/28 HPs)
             Began as a Draconian Transmuter on Oct 29, 2018.
             Slain by Sigmund
             ... wielding a +0 scythe of slicing
              (6 damage)
             ... on level 2 of the Dungeon.
             The game lasted 00:09:39 (1702 turns).

Velaskes the Ruffian (Draconian Transmuter)         Turns: 1702, Time: 00:09:39

Health: -2/28      AC:  5    Str: 12    XL:     3   Next: 23%
Magic:  6/6        EV: 12    Int: 14    God:
Gold:   25         SH:  0    Dex: 11    Spells: 5/6 levels left

rFire    . . .     SeeInvis .   l - +0 club
rCold    . . .     Gourm    .   (no shield)
rNeg     . . .     Faith    .   (armour unavailable)
rPois    .         Spirit   .   (helmet restricted)
rElec    .         Reflect  .   (no cloak)
rCorr    .         Harm     .   (no gloves)
MR       .....                  (no boots)
Stlth    +.........             (no amulet)
HPRegen  0.09/turn              (no ring)
MPRegen  0.10/turn              (no ring)

@: no status effects
A: unfitting armour, cold-blooded, AC +5
a: no special abilities


You were on level 2 of the Dungeon.
You were near starving.

You visited 1 branch of the dungeon, and saw 2 of its levels.

You collected 25 gold pieces.

Inventory:

Hand Weapons
 f - a +0 dagger
 l - a +0 club (weapon)
Missiles
 a - 12 arrows
 e - 13 poisoned needles
 o - 15 stones (quivered)
Armour
 d - a cursed +0 robe
 g - a +0 centaur barding
 i - a +0 plate armour
 j - a +0 chain mail
Scrolls
 b - a scroll of noise {unknown}
 k - a scroll of enchant armour {unknown}
 n - a scroll of teleportation {unknown}
Potions
 h - a potion of mutation {unknown}
Comestibles
 c - 4 rations
 m - 3 chunks of flesh


   Skills:
 + Level 1.5 Fighting
 + Level 0.8 Short Blades
 + Level 2.0 Dodging
 + Level 0.1 Stealth
 + Level 3.4 Unarmed Combat
 + Level 2.0 Spellcasting
 + Level 2.4 Transmutations


You had 5 spell levels left.
You knew the following spells:

 Your Spells              Type           Power        Failure   Level  Hunger
a - Beastly Appendage     Tmut           #.....       9%          1    ##.....

Your spell library contained the following spells:

 Spells                   Type           Power        Failure   Level  Hunger
 Sticks to Snakes         Tmut           #.......     13%         2    ###....
 Spider Form              Tmut/Pois      #.........   41%         3    ####...
 Ice Form                 Ice/Tmut       #.......     82%         4    #####..
 Blade Hands              Tmut           #.........   94%         5    ######.


Dungeon Overview and Level Annotations

Branches:
Dungeon (2/15)

Altars:
Fedhas
The Shining One

Annotations:
D:2 Natasha, Sigmund


Innate Abilities, Weirdness & Mutations

Your plain brown scales are hard. (AC +5)
You cannot fit into any form of body armour.
You are cold-blooded and may be slowed by cold attacks.


Message History

You kill the ball python!
Sigmund closely misses you. Natasha misses you.
You hit Natasha.
Natasha is lightly wounded.
Sigmund mumbles some strange words.
Sigmund flickers and vanishes!
Deactivating autopickup; reactivate with Ctrl-A.
Natasha claws you but does no damage.
You barely miss Natasha.
Natasha is lightly wounded.
A giant cockroach comes into view.
Something hits you! Natasha misses you. Natasha claws you. Something hits you!
* * * LOW HITPOINT WARNING * * *
x2 Natasha casts a spell.
You hit the crimson imp but do no damage.
The bat completely misses you.
The crimson imp grins evilly.
The crimson imp blinks!
Something hits you.
You die...

....#########.##.############..#
....# ##÷...# ##.# ....# #....##
#.## ##### #.#.## #..# #.#.#
##.. ..#.# #.. ..##.## ##.. .#.
#.§## ###.>. #.#. ##.@## #
#..... .....###h.##..# #.....
....r.†..b..# #####.....
s....g###.#.# #....##### ..(...
#...###.#..# ##8 .....
#.5##....###8.. ..... #..##..###
#... .... ###......# _... ....
#........# ##...


You could see Natasha, a crimson imp, a goblin and a bat.

Vanquished Creatures
  An adder (D:2)
  A dart slug (D:1)
  2 leopard geckos (D:1)
  A giant cockroach (D:1)
  2 goblins
  6 jackals
  A kobold (D:1)
  2 ball pythons
  3 bats
  A frilled lizard (D:2)
  3 rats
23 creatures vanquished.

Notes
Turn   | Place    | Note
-------+----------+-------------------------------------------
     0 | D:1      | Velaskes the Draconian Transmuter began the quest for the
                  | Orb.
     0 | D:1      | Reached XP level 1. HP: 16/16 MP: 3/3
   184 | D:1      | Reached XP level 2. HP: 21/23 MP: 5/5
  1505 | D:2      | Found a glowing golden altar of the Shining One.
  1507 | D:2      | Found a blossoming altar of Fedhas.
  1630 | D:2      | Reached XP level 3. HP: 22/28 MP: 1/6
  1689 | D:2      | Noticed Natasha
  1692 | D:2      | Noticed Sigmund
  1702 | D:2      | Slain by Sigmund

Skill      XL: |  1  2 |
---------------+-------+-----
Dodging        | 2 |  2.0
Fighting       | |  1.5
Short Blades   | |  0.8
Stealth        | |  0.1
Unarmed Combat | |  3.4
Spellcasting   | |  2.0
Transmutations | |  2.4

Action                   || total
-------------------------++-------
Melee: Dagger            ||    73
       Unarmed           ||    11
       Tailslap          ||    10
       Punch             ||     2
       Club              ||    24
       Headbutt          ||     1
Throw: Stone             ||     1
 Cast: Beastly Appendage ||     6
 Abil: End Transformatio ||     1
  Eat: Chunk             ||     1
Armor: Skin              ||    76
Dodge: Dodged            ||   125
